 Dungeon Crawl Stone Soup version 0.30.0-10-gfe55d96785 (webtiles) character file.

Game seed: 12965371709322983230

22537 Jackthecabe the Covert (level 12, -1/88 HPs)
             Began as a Vampire Conjurer on May 13, 2023.
             Was an Elder of Dithmenos.
             Engulfed by a cloud of flame (22 damage)
             ... in a volcano.
             The game lasted 00:43:58 (17255 turns).

Jackthecabe the Covert (Vampire Conjurer)          Turns: 17255, Time: 00:43:59

Health: -1/88      AC: 11    Str:  5    XL:     12   Next: 63%
Magic:  8/16       EV: 17    Int: 25    God:    Dithmenos [****..]
Gold:   665        SH: 13    Dex: 22    Spells: 2/17 levels left

rFire   . . .        q - +2 dagger (elec)
rCold   . . .        V - +2 buckler
rNeg    . . .        a - +0 troll leather armour
rPois   .            B - +0 helmet
rElec   .            k - scarf {repulsion}
rCorr   .            x - +0 pair of gloves
SInv    +            z - +0 pair of boots
Will    +....        I - amulet of reflection
Stlth   +++++++++    D - +6 ring of dexterity
HPRegen 1.34/turn    T - +4 ring of protection
MPRegen 0.15/turn

%: repel missiles, reflection
@: healing quickly, wreathed by umbra
A: alive, fangs 3, see invisible, vampiric 2, agile 1, subdued magic 1
a: Exsanguinate, Renounce Religion, Shadow Step


You were in a volcano.
You worshipped Dithmenos.
Dithmenos was greatly pleased with you.
You visited 3 branches of the dungeon, and saw 14 of its levels.
You also visited: Volcano.

You collected 859 gold pieces.
You spent 194 gold pieces at shops.


Innate Abilities, Weirdness & Mutations

Your natural rate of healing is accelerated.
You have razor-sharp teeth.
You have supernaturally acute eyesight. (SInv)
You are afflicted with vampirism and can become a bat while bloodless.
You are agile. (Dex +4, Str/Int -1)
Your spells are a little easier to cast, but a little less powerful.


   Skills:
 - Level 6.0 Fighting
 - Level 8.0 Short Blades
 - Level 10.0 Dodging
 + Level 14.2 Stealth
 - Level 5.0 Shields
 - Level 3.0 Spellcasting
 - Level 6.0 Conjurations
 - Level 8.0 Hexes
 - Level 8.0 Ice Magic
 - Level 4.0 Invocations
 - Level 2.0 Evocations


You had 2 spell levels left.
You knew the following spells:

 Your Spells              Type           Power      Damage    Failure   Level
c - Metabolic Englaciati  Hex/Ice        16%        N/A       24%         5
d - Dazzling Flash        Conj/Hex       58%        N/A       3%          3
f - Fulminant Prism       Conj/Hex       14%        3d9       13%         4
m - Magic Dart            Conj           100%       1d8       1%          1
s - Searing Ray           Conj           50%        2d6       2%          2

Your spell library contained the following spells:

 Spells                   Type           Power      Damage    Failure   Level
 Apportation              Tloc           4%         N/A       24%         1
 Scorch                   Fire           4%         2d5       34%         2
 Frozen Ramparts          Ice            66%        1d10      2%          3
 Ozocubu's Armour         Ice            33%        N/A       2%          3
 Portal Projectile        Hex/Tloc       36%        N/A       13%         3
 Ice Form                 Ice/Tmut       18%        N/A       43%         4
 Leda's Liquefaction      Hex/Erth       9%         N/A       43%         4
 Summon Ice Beast         Ice/Summ       18%        N/A       43%         4
 Iskenderun's Battlesphe  Conj           25%        2d8       50%         5
 Call Canine Familiar     Summ           2%         N/A       58%         3
 Volatile Blastmotes      Fire/Tloc      4%         2d10      58%         3
 Flame Wave               Conj/Fire      14%        2d6       58%         4
 Iskenderun's Mystic Bla  Conj/Tloc      14%        2d5       58%         4
 Fireball                 Conj/Fire      7%         3d5       90%         5
 Alistair's Intoxication  Tmut/Pois      1%         N/A       100%        5
 Lee's Rapid Deconstruct  Erth           1%         3d4*      100%        5
 Conjure Ball Lightning   Conj/Air       7%         3x3d6     100%        6
 Simulacrum               Ice/Necr       9%         N/A       100%        6
 Summon Cactus Giant      Summ           1%         N/A       100%        6
 Malign Gateway           Summ/Tloc      1%         N/A       100%        7
 Orb of Destruction       Conj           12%        9d7       100%        7
 Summon Horrible Things   Summ           1%         N/A       100%        8

Inventory:

Hand Weapons
 q - a +2 dagger of electrocution (weapon)
Missiles
 c - 2 throwing nets {=f}
 u - 57 poisoned darts
 W - 9 curare-tipped darts {=f}
Armour
 a - a +0 troll leather armour (worn)
 k - a scarf of repulsion (worn)
 x - a +0 pair of gloves (worn)
 z - a +0 pair of boots (worn)
 B - a +0 helmet (worn)
 V - a +2 buckler (worn)
Jewellery
 C - a ring of protection from cold
 D - a +6 ring of dexterity (left hand)
 I - an amulet of reflection (around neck)
 L - a ring of flight
 R - a ring of resist corrosion
 T - a +4 ring of protection (right hand)
Wands
 e - a wand of digging (6)
 l - a wand of polymorph (2)
 o - a wand of mindburst (11)
 v - a wand of acid (5)
 E - a wand of flame (30)
 M - a wand of roots (8)
 U - a wand of charming (2)
Scrolls
 d - 2 scrolls of summoning
 f - a scroll of immolation
 g - 4 scrolls of enchant armour
 j - 3 scrolls of magic mapping
 n - 8 scrolls of teleportation {@r2}
 w - 3 scrolls of fog
 y - a scroll of silence {!r}
 K - 3 scrolls of enchant weapon
 O - a scroll of fear
 Q - a scroll of blinking
Potions
 b - 2 potions of magic
 h - 4 potions of curing {@q1}
 i - 2 potions of brilliance
 p - 3 potions of mutation
 r - 4 potions of invisibility
 s - 2 potions of haste {@q3}
 t - a potion of ambrosia
 A - 2 potions of berserk rage {!q}
 F - a potion of resistance {unknown}
 H - a potion of might {unknown}
 J - 2 potions of attraction
 N - 4 potions of flight
 S - 2 potions of heal wounds {@q2}

Dungeon Overview and Level Annotations

Branches:
Dungeon (11/15)            Temple (1/1) D:5            Lair (2/5) D:8
    Orc (0/2) D:10        Volcano (1/1)
  Swamp: Lair:2-3    Shoals: Lair:2-3     Snake: Lair:2-3    Spider: Lair:2-3

Altars:
Ashenzari
Cheibriados
Dithmenos
Fedhas
Gozag
Hepliaklqana
Kikubaaqudgha
Makhleb
Nemelex Xobeh
Okawaru
Qazlal
Ru
Sif Muna
Trog
Uskayaw
Vehumet
Wu Jian
Xom
Yredelemnul

Shops:
D:1 [   D:6 =*(!(

Annotations:
D:1 exclusion: downstairs
D:10 exclusion: orange crystal statue
Lair:1 2 runed translucent doors, Vakidu's ghost, novice DrGl
Lair:2 1 runed translucent door, Golfball's ghost, journeyman TrFi

#..≈≈≈≈ ≈≈○§§§#
.≈≈≈≈≈k °§§≈§≈.
..≈≈≈k≈ ≈○§§≈..
....≈≈≈ E§≈...#
#..§§ E≈○.°
#.§###R§# #'#E#
##.#§##
###.##§@##
#..##≈≈..##
###)###≈§≈..###
#....##§≈≈≈...#
###)##§≈≈≈≈)###
##.##≈≈§.##
###'###'###
#...###...##
##..........#


You could see a fire elemental.


Message History

The fire elemental completely resists.
The fireball engulfs you!!
* * * LOW HITPOINT WARNING * * *
Your fulminant prism crackles loudly.
Unknown command.
The searing ray hits the fire elemental!
The fire elemental is moderately damaged.
The fire elemental barely misses you.
A fire elemental comes into view.
Your fulminant prism explodes!
The blast of energy engulfs the fire elemental!
The fire elemental is heavily damaged.
The blast of energy engulfs the fire vortex!
The fire vortex is moderately damaged.
The blast of energy engulfs the efreet!
The efreet is moderately wounded.
You hear a roar!
The searing ray hits the fire elemental.
The fire elemental is severely damaged.
The fire elemental misses you. The fire elemental barely misses you.
Unknown command.
The searing ray hits the fire elemental but does no damage.
The fire elemental is severely damaged.
You finish channelling your searing ray.
You block the fire elemental's attack.
Unknown command.
You are engulfed in blazing flames.
* * * LOW HITPOINT WARNING * * *
Unknown command.
You are engulfed in blazing flames.
You die...

Skill      XL: |  1  2  3  4  5  6  7  8  9 10 11 12 |
---------------+-------------------------------------+-----
Conjurations   | 3 4 5 6 |  6.0
Short Blades   | 1 2 3 4 6 8 |  8.0
Stealth        | 4 5 7 8 10 14 | 14.2
Hexes          | 1 3 5 6 8 |  8.0
Spellcasting   | 3 |  3.0
Evocations     | 2 |  2.0
Fighting       | 2 6 |  6.0
Invocations    | 2 4 |  4.0
Dodging        | 7 10 | 10.0
Shields        | 4 5 |  5.0
Ice Magic      | 5 8 |  8.0

Action                     |  1- 3 |  4- 6 |  7- 9 | 10-12 || total
---------------------------+-------+-------+-------+-------++-------
  Melee: Dagger            |    17 |    70 |   177 |   523 ||   787
         Unarmed           |     3 |       |       |       ||     3
         Bite              |     3 |     9 |    14 |    74 ||   100
         Punch             |       |     1 |     5 |     6 ||    12
  Throw: Dart              |       |     2 |       |       ||     2
   Cast: Magic Dart        |    44 |    81 |   157 |   204 ||   486
         Searing Ray       |     3 |     9 |    40 |    32 ||    84
         Dazzling Flash    |       |     1 |    11 |    52 ||    64
         Fulminant Prism   |       |       |       |    17 ||    17
 Invoke: Shadow Step       |       |       |       |     2 ||     2
  Evoke: Wand              |       |       |     8 |     1 ||     9
    Use: Potion            |       |       |     2 |       ||     2
         Scroll            |       |       |       |    18 ||    18
   Stab: Sleeping          |     1 |     2 |     1 |    18 ||    22
         Invisible         |       |       |     9 |    31 ||    40
         Distracted        |       |       |       |     1 ||     1
 Armour: Robe              |     3 |    11 |    81 |    59 ||   154
         Scale mail        |     7 |    61 |       |       ||    68
         Troll leather arm |       |       |       |    40 ||    40
  Dodge: Dodged            |    13 |    66 |   154 |   384 ||   617
         Repelled          |       |     1 |     1 |     6 ||     8
  Block: Other             |       |       |    27 |    71 ||    98
         Reflection        |       |       |     4 |    18 ||    22
         Buckler           |       |       |       |   224 ||   224

Levels and vault maps discovered:
D:1:      onia_arrival_mini_spirals, layout_basic, serial_shops,
          nicolae_shop_trees, chequers_serial_rivers_micro_e, kennysheep_boxes
D:2:      cheibrodos_helix_gallery, layout_rooms, basic_altar,
          interstate_on_off, uniq_terence
D:3:      layout_basic, nicolae_wu_jian_wuxing_cycle,
          hellmonk_ecumenical_altar_run_dry, minmay_unequal, uniq_ijyb
D:4:      layout_rooms, tso_altar, nicolae_overflow_hidden_temple,
          chequers_big_river
D:5:      old_forge, layout_rooms, minmay_temple_entry_poolview, serial_demonic,
          serial_demonic_g, serial_demonic_c, serial_demonic_e,
          serial_demonic_b, serial_bayou_lake_a, uniq_grinder, uniq_sigmund,
          uniq_edmund
D:6:      layout_basic, serial_shops, nicolae_shop_real_fake_doors, shop,
          nicolae_square_shop, nicolae_shop_dealshenge,
          nicolae_shop_bloodbath_and_beyond
D:7:      kennysheep_spiral_hall, layout_layer_cave, kennysheep_crisscross
D:8:      hellmonk_ruined_rings, layout_loops_corners,
          nicolae_yredelemnul_corpse_copse, david_lair_generic
D:9:      layout_roguey, mainiacjoe_overflow_alcove_4
D:10:     layout_loops_corners, nicolae_elyvilon_peaceful_grove,
          kennysheep_orc_monster_closet_entryway, serial_ice, serial_ice_m,
          serial_ice_a, serial_ice_b, serial_ice_f, serial_ice_e,
          chequers_serial_rivers_small_b, grunt_ministairs_10,
          minmay_protected_statue
D:11:     layout_roguey, uniq_psyche
Temple:   dpeg_chambers_temple
Lair:1:   layout_hall_layers, basic_altar, ebering_ghost_disaster_area,
          uniq_nergalle
Lair:2:   layout_cave_pods, hellmonk_ghost_happy_afterlife, enter_volcano_4,
          chequers_serial_rivers_small_b, infiniplex_staircase_pool,
          lemuel_fruit_tree, uniq_amaemon
Volcano:  volcano_aerie

Notes
Turn   | Place    | Note
-------+----------+-------------------------------------------
     0 | D:1      | Jackthecabe the Vampire Conjurer began the quest for the
                  | Orb.
     0 | D:1      | Reached XP level 1. HP: 13/13 MP: 3/3
    38 | D:1      | Reached skill level 3 in Conjurations
   273 | D:1      | Found Tiodagh's Antique Armour Boutique.
   468 | D:1      | Reached XP level 2. HP: 19/19 MP: 3/5
   874 | D:2      | Noticed Terence
   885 | D:1      | Learned a level 2 spell: Searing Ray
   933 | D:2      | Killed Terence
   934 | D:2      | Gained mutation: You are afflicted with vampirism and can
                  | become a bat while bloodless. [Vampire growth]
   934 | D:2      | Reached XP level 3. HP: 24/24 MP: 2/6
  1050 | D:2      | Reached skill level 4 in Conjurations
  1394 | D:2      | Identified the +6 scale mail of Sin {Dex+3}
  1423 | D:2      | Reached XP level 4. HP: 21/30 MP: 7/7
  1522 | D:2      | Found an ornate altar of the Wu Jian Council.
  1615 | D:3      | Noticed Ijyb
  1851 | D:3      | Found an ornate altar of the Wu Jian Council.
  2245 | D:3      | Found a faded altar of an unknown god.
  2264 | D:3      | Reached skill level 1 in Short Blades
  2264 | D:3      | Reached skill level 4 in Stealth
  2408 | D:3      | Reached XP level 5. HP: 35/35 MP: 6/8
  2545 | D:3      | Killed Ijyb
  2761 | D:3      | Learned a level 3 spell: Dazzling Flash
  2974 | D:4      | Reached skill level 1 in Hexes
  3073 | D:4      | Identified the +8 quarterstaff of Putrescence {distort,
                  | *Slow rElec Str-2 Int+8}
  3080 | D:4      | Reached skill level 3 in Spellcasting
  3159 | D:4      | Reached skill level 2 in Short Blades
  3159 | D:4      | Reached XP level 6. HP: 41/41 MP: 1/10
  3256 | D:4      | Found a radiant altar of Vehumet.
  3256 | D:4      | Found an opulent altar of Gozag.
  3286 | D:4      | Found a shadowy altar of Dithmenos.
  3380 | D:4      | Reached skill level 2 in Hexes
  3518 | D:4      | Reached skill level 5 in Stealth
  4071 | D:5      | Entered Level 5 of the Dungeon
  4089 | D:5      | Reached skill level 3 in Hexes
  4265 | D:5      | Reached skill level 3 in Short Blades
  4265 | D:5      | Reached XP level 7. HP: 46/46 MP: 11/11
  4382 | D:5      | Reached skill level 6 in Stealth
  4464 | D:5      | Noticed Grinder
  4593 | D:5      | Reached skill level 4 in Hexes
  4661 | D:5      | Reached skill level 5 in Conjurations
  4722 | D:5      | Reached skill level 4 in Short Blades
  4722 | D:5      | Reached skill level 7 in Stealth
  5008 | D:5      | Reached skill level 5 in Hexes
  5008 | D:5      | Reached XP level 8. HP: 52/52 MP: 5/12
  5370 | D:5      | Noticed Edmund
  5388 | D:5      | Killed Edmund
  5389 | D:5      | Reached skill level 8 in Stealth
  5389 | D:5      | Gained mutation: Your spells are a little easier to cast,
                  | but a little less powerful. [potion of mutation]
  5389 | D:5      | Gained mutation: You are agile. (Dex +4, Str/Int -1)
                  | [potion of mutation]
  5389 | D:5      | HP: 5/52 [poisoned by Edmund]
  5625 | D:5      | Found a staircase to the Ecumenical Temple.
  5643 | D:5      | Noticed Sigmund
  5658 | D:5      | Killed Sigmund
  5659 | D:5      | Reached skill level 5 in Short Blades
  5659 | D:5      | Reached skill level 6 in Hexes
  5669 | Temple   | Entered the Ecumenical Temple
  6077 | D:5      | Killed Grinder
  6078 | D:5      | Reached skill level 6 in Conjurations
  6160 | D:4      | Became a worshipper of Dithmenos the Shadowed
  6217 | D:6      | Reached skill level 6 in Short Blades
  6217 | D:6      | Reached skill level 1 in Evocations
  6220 | D:6      | Reached skill level 2 in Evocations
  6222 | D:6      | Reached skill level 1 in Fighting
  6396 | D:6      | Found Pymegherr's Assorted Antiques.
  6425 | D:6      | Reached skill level 2 in Fighting
  6425 | D:6      | Reached XP level 9. HP: 61/61 MP: 6/13
  6486 | D:6      | Bought a tiny peridot amulet for 110 gold pieces
  6714 | D:6      | Found Joatt's Weapon Boutique.
  6763 | D:6      | Found Guet's Weapon Shoppe.
  6793 | D:6      | Reached skill level 3 in Fighting
  6883 | D:6      | Found Dyoseid's Jewellery Shop.
  7002 | D:6      | Reached skill level 4 in Fighting
  7366 | D:6      | Found Aroage's Distillery.
  7369 | D:6      | Bought a potion of curing for 36 gold pieces
  7369 | D:6      | Bought a potion of degeneration for 12 gold pieces
  7369 | D:6      | Bought a potion of flight for 36 gold pieces
  7638 | D:7      | Reached skill level 5 in Fighting
  7897 | D:7      | Reached * piety under Dithmenos
  8328 | D:7      | Reached skill level 6 in Fighting
  8487 | D:7      | Reached skill level 7 in Short Blades
  8929 | D:8      | Reached skill level 8 in Short Blades
  8937 | D:8      | Reached skill level 1 in Invocations
  9030 | D:8      | Learned a level 4 spell: Fulminant Prism
  9199 | D:8      | Reached skill level 2 in Invocations
  9199 | D:8      | Reached XP level 10. HP: 70/76 MP: 3/14
  9266 | D:8      | Reached skill level 3 in Invocations
  9484 | D:8      | Found a basalt altar of Yredelemnul.
  9690 | D:8      | Reached skill level 4 in Invocations
  9772 | D:8      | Reached skill level 3 in Dodging
  9877 | D:8      | Reached skill level 4 in Dodging
  9935 | D:8      | Noticed an elephant
  9949 | D:8      | Killed an elephant
  9950 | D:8      | Reached skill level 5 in Dodging
  9994 | D:8      | Found a staircase to the Lair.
 10014 | D:8      | Reached ** piety under Dithmenos
 10773 | D:9      | Reached skill level 6 in Dodging
 10778 | D:9      | Reached skill level 1 in Shields
 11017 | D:9      | Reached skill level 2 in Shields
 11288 | D:9      | Reached skill level 7 in Dodging
 11375 | D:9      | Reached skill level 3 in Shields
 11474 | D:9      | Found a sacrificial altar of Ru.
 11711 | D:10     | Entered Level 10 of the Dungeon
 11742 | D:10     | Noticed an orange crystal statue
 11742 | D:10     | Found the +4 consecrated labrys {holy, Valiant Fragile Fly
                  | SInv}
 11818 | D:10     | Reached *** piety under Dithmenos
 12502 | D:10     | Reached skill level 4 in Shields
 12590 | D:10     | Found a staircase to the Orcish Mines.
 12601 | D:10     | Reached XP level 11. HP: 81/81 MP: 4/15
 12603 | D:10     | Reached skill level 8 in Dodging
 13341 | D:10     | Reached skill level 5 in Shields
 13463 | D:10     | Reached skill level 9 in Dodging
 13907 | D:11     | Noticed a two-headed ogre
 13909 | D:11     | Killed a two-headed ogre
 14012 | D:11     | Noticed Psyche
 14015 | D:11     | Killed Psyche
 14016 | D:11     | Reached skill level 10 in Dodging
 14047 | D:11     | Learned a level 5 spell: Metabolic Englaciation
 14241 | D:11     | Reached **** piety under Dithmenos
 14242 | D:11     | Reached skill level 1 in Ice Magic
 14478 | D:11     | Reached skill level 2 in Ice Magic
 14511 | D:11     | Reached skill level 7 in Hexes
 14651 | D:11     | Reached skill level 3 in Ice Magic
 14771 | D:11     | Reached skill level 9 in Stealth
 14771 | D:11     | Reached skill level 8 in Hexes
 15064 | D:11     | Noticed a sixfirhy
 15068 | D:11     | Reached skill level 4 in Ice Magic
 15462 | Lair:1   | Entered Level 1 of the Lair of Beasts
 15462 | Lair:1   | Noticed Nergalle
 15464 | Lair:1   | Killed Nergalle
 15528 | Lair:1   | Reached skill level 5 in Ice Magic
 15580 | Lair:1   | Found a sparkling altar of Nemelex Xobeh.
 15591 | Lair:1   | Reached skill level 10 in Stealth
 15649 | Lair:1   | Reached XP level 12. HP: 80/88 MP: 10/16
 15910 | Lair:1   | Reached skill level 6 in Ice Magic
 16249 | Lair:1   | Reached skill level 11 in Stealth
 16432 | Lair:1   | Reached skill level 7 in Ice Magic
 16442 | Lair:1   | Found a large runed translucent door.
 16442 | Lair:1   | Found a large runed translucent door.
 16444 | Lair:1   | Noticed Vakidu's ghost (novice DrGl)
 16685 | Lair:2   | Found a runed translucent door.
 16688 | Lair:2   | Noticed Golfball's ghost (journeyman TrFi)
 16748 | Lair:2   | Noticed Amaemon
 16753 | Lair:2   | Killed Amaemon
 16888 | Lair:2   | Reached skill level 8 in Ice Magic
 16894 | Lair:2   | Reached skill level 12 in Stealth
 17039 | Lair:2   | Reached skill level 13 in Stealth
 17044 | Lair:2   | Found a dark tunnel.
 17057 | Volcano  | Entered a volcano
 17169 | Volcano  | Reached skill level 14 in Stealth
 17255 | Volcano  | Engulfed by a cloud of flame

Vanquished Creatures
  A two-headed ogre (D:11)
  Nergalle (Lair:1)
  Amaemon (Lair:2)
  A cyclops (D:11)
  An elephant (D:8)
  A black mamba (Lair:1)
  3 molten gargoyles (Volcano)
  2 gargoyles (D:11)
  Psyche (D:11)
  2 cane toads (Lair:1)
  An unseen horror (D:11)
  An unseen horror zombie (D:8)
  2 kobold demonologists (D:11)
  A rime drake (Lair:1)
  An orange demon (Lair:2)
  An efreet (Volcano)
  2 komodo dragons (Lair:1)
  3 trolls (D:10)
  Grinder (D:5)
  4 blink frogs (Lair:2)
  Sigmund (D:5)
  A wraith (D:10)
  5 wyverns
  A basilisk (Lair:1)
  A fire elemental (Volcano)
  24 yaks
  A steam dragon (D:9)
  4 vampire mosquitoes (D:10)
  Edmund (D:5)
  2 acid dragons
  A water moccasin (Lair:1)
  8 orc warriors
  3 ice beasts
  2 hornet zombies (D:8)
  3 black bears (D:8)
  5 ogres
  10 centaurs
  A phantom (D:6)
  8 wolves
  8 kobold brigands
  4 bullfrogs
  An earth elemental (Volcano)
  3 gnoll sergeants (D:10)
  A wyvern zombie (D:8)
  9 scorpions
  10 wights (D:8)
  12 killer bees
  3 howler monkeys (D:7)
  An electric eel (Lair:2)
  2 centaur zombies (D:8)
  A quasit (D:5)
  4 hounds
  2 gnoll boudas
  4 orc priests
  Terence (D:2)
  4 sleepcaps
  9 iguanas
  9 orc wizards
  Ijyb (D:3)
  3 howler monkey zombies (D:8)
  10 adders
  15 gnolls
  3 shadow imps
  6 white imps
  2 worms
  A dart slug (D:4)
  41 orcs
  3 ball pythons
  6 endoplasms
  3 giant cockroaches
  8 goblins
  5 hobgoblins
  2 jackals (D:5)
  6 quokkas
  13 bats
  4 frilled lizards
  19 kobolds
  7 rats
359 creatures vanquished.

Vanquished Creatures (others)
  A killer bee (D:9)
  An orc (D:11)
  A butterfly (D:10)
  17 fulminant prisms
20 creatures vanquished.

Grand Total: 379 creatures vanquished

Table legend: (Time is in decaauts)
 A = Elapsed time spent in this place.
 B = Non-inter-level travel time spent in this place.
 C = Inter-level travel time spent in this place.
 D = Time resting spent in this place.
 E = Time spent auto-exploring this place.
 F = Levels seen in this place.
 G = Mean time per level.
                   A        B        C        D        E       F      G
               +--------+--------+--------+--------+--------+-----+--------+
         Total |  17081 |  16501 |    580 |    813 |  12391 |  15 | 1138.7 |
       Dungeon |  15080 |  14556 |    524 |    683 |  11304 |  11 | 1370.9 |
        Temple |    275 |    255 |     20 |      0 |    243 |   1 |  275.0 |
          Lair |   1533 |   1497 |     36 |     30 |    844 |   2 |  766.5 |
       Volcano |    192 |    192 |      0 |    100 |      0 |   1 |  192.0 |
               +--------+--------+--------+--------+--------+-----+--------+

Top non-repeatable levels by time:
    D:10: 2405 daAuts
     D:8: 2041 daAuts
     D:5: 1854 daAuts
     D:4: 1327 daAuts
     D:6: 1286 daAuts
     D:7: 1232 daAuts
    D:11: 1213 daAuts
  Lair:1: 1144 daAuts
     D:3: 1118 daAuts
     D:9: 940 daAuts
     D:1: 922 daAuts
     D:2: 737 daAuts
  Lair:2: 389 daAuts
  Temple: 275 daAuts
 Volcano: 192 daAuts

Table legend:
 A = Non-vault XP
 B = Vault XP
 C = Vault XP percentage of total XP
 D = Non-vault monster count
 E = Vault monster count
 F = Vault count percentage of total count
                 A         B        C        D         E       F
            +---------+---------+-------+---------+---------+-------
      Total |   21823 |   10373 |  32.2 |     276 |      84 |  23.3
            +---------+---------+-------+---------+---------+-------
        D:1 |      19 |       0 |   0.0 |      14 |       0 |   0.0
        D:2 |      42 |      42 |  50.0 |       9 |       3 |  25.0
        D:3 |      92 |      41 |  30.8 |      19 |       5 |  20.8
        D:4 |     393 |       0 |   0.0 |      22 |       0 |   0.0
        D:5 |     474 |    1313 |  73.5 |      28 |      22 |  44.0
        D:6 |    1112 |       0 |   0.0 |      22 |       0 |   0.0
        D:7 |     844 |     455 |  35.0 |      24 |       4 |  14.3
        D:8 |    1177 |    1821 |  60.7 |      15 |      13 |  46.4
        D:9 |    1710 |       0 |   0.0 |      33 |       0 |   0.0
       D:10 |    2252 |    2399 |  51.6 |      21 |      27 |  56.2
       D:11 |    5349 |     416 |   7.2 |      30 |       1 |   3.2
     Lair:1 |    6019 |     777 |  11.4 |      28 |       1 |   3.4
     Lair:2 |    2340 |    1133 |  32.6 |      11 |       2 |  15.4
    Volcano |       0 |    1976 | 100.0 |       0 |       6 | 100.0
            +---------+---------+-------+---------+---------+-------
